 Dungeon Crawl Stone Soup version 0.16-a0-621-gdc21f72 (webtiles) character file.

36 Ratboiler the Caller (level 3, 0/21 HPs)
             Began as an Octopode Summoner on Sept 17, 2014.
             Slain by a quokka (4 damage)
             ... on Level 2 of the Dungeon.
             The game lasted 00:06:14 (1288 turns).

Ratboiler the Caller (Octopode Summoner)            Turns: 1288, Time: 00:06:14

HP   0/21        AC  1     Str  7      XL: 3   Next: 37%
MP   1/6         EV 12     Int 18      God:
Gold 53          SH  0     Dex 12      Spells:  3 memorised,  1 level left

rFire  + . .     SeeInvis .     (no weapon)
rCold  x . .     Clarity  .     (no shield)
rNeg   . . .     rCorr    .     (helmet restricted)
rPois  .         rRot     .     (no amulet)
rElec  .         Spirit   .     k - ring of fire
SustAb .         Warding  .     (no ring)
rMut   .         Stasis   .     (no ring)
Gourm  .                        (no ring)
MR     .....                    (no ring)
                                (no ring)
                                (no ring)
                                (no ring)

@: not resistant to hostile enchantments, fairly stealthy
A: almost no armour, amphibious, 8 rings, constrict 8, camouflage 1, gelatinous
body 1
a: no special abilities


You were on level 2 of the Dungeon.
You were not hungry.

You visited 1 branch of the dungeon, and saw 2 of its levels.

You collected 53 gold pieces.

Inventory:

Missiles
 h - 29 poisoned needles
Comestibles
 c - 2 bread rations
 g - 4 fruits
 p - a beef jerky
 q - 2 chunks of goblin flesh
Scrolls
 f - a scroll of remove curse {unknown}
 l - 3 scrolls of identify {unknown}
 m - a scroll of immolation {unknown}
 n - 3 scrolls of magic mapping {unknown}
 o - a scroll of blinking {unknown}
Jewellery
 k - a ring of fire (left tentacle)
Potions
 a - a potion of haste {unknown}
 d - a potion of agility {unknown}
 e - a potion of resistance {unknown}
 i - a potion of curing {unknown}
 j - 2 potions of might {unknown}
Books
 b - a book of Callings

   Spells                             Type                      Level
   *Summon Small Mammal               Summoning                    1
   *Call Imp                          Summoning                    2
   *Call Canine Familiar              Summoning                    3
   Summon Guardian Golem              Hexes/Summoning              4
   Summon Lightning Spire             Summoning/Air                4
   Summon Ice Beast                   Ice/Summoning                4


   Skills:
 - Level 2.0 Dodging
 - Level 2.6 Stealth
 + Level 2.8 Spellcasting
 + Level 4.5 Summonings


You had one spell level left.
You knew the following spells:

 Your Spells              Type           Power        Failure   Level  Hunger
a - Summon Small Mammal   Summ           ###.         2%          1    None
b - Call Imp              Summ           ###.....     4%          2    ##.....
c - Call Canine Familiar  Summ           ###.....     10%         3    ###....


Dungeon Overview and Level Annotations

Branches:
Dungeon (2/15)

Altars:
Kikubaaqudgha


Innate Abilities, Weirdness & Mutations

You cannot wear most types of armour.
You are amphibious.
You can wear up to eight rings at the same time.
You can use your tentacles to constrict many enemies at once.
Your skin changes colour to match your surroundings (Stealth).
Your rubbery body absorbs attacks (AC +1).


Message History

Confirm with . or Enter, or press ? or * to list all spells.
The quokka bites you.
The goblin unwields an uncursed hunting sling.
The goblin closely misses you.
The goblin wields an uncursed hunting sling.
The goblin shoots a stone.
The stone closely misses you. The quokka bites you.
* * * LOW HITPOINT WARNING * * *
Your hound bites the goblin.
The goblin dies!
You see here a stone.
The quokka closely misses you.
There is an open door here.
Casting: Call Canine Familiar
Confirm with . or Enter, or press ? or * to list all spells.
A beastly little devil appears in a puff of flame.
The quokka bites you.
* * * LOW HITPOINT WARNING * * *
Your hound bites the quokka.
The quokka bites you.
You die...

.........'...+.............##.###
.........#####.............##....
.........# #.............######
.........#####.............#
.....>...........###########
.....##.########.##### .....##.#
#....)...# #######.# #........#
#.# #...@....# #######r#####
#......h5# #####........#
.....w.......# .......$.)....#
.........(....#
...(.....$..........
..................


You could see a quokka, a friendly hound and a friendly crimson imp.

Vanquished Creatures
  A bat (D:1)
  2 giant cockroaches
  2 goblins
  A hobgoblin (D:1)
  4 kobolds
  4 rats (D:1)
14 creatures vanquished.

Vanquished Creatures (collateral kills)
  An adder (D:2)
  A giant mite (D:1)
  A giant gecko (D:1)
  An ooze (D:1)
  5 bats
  A giant cockroach (D:2)
  2 goblins (D:2)
  4 jackals (D:2)
  A kobold (D:1)
  A rat (D:1)
18 creatures vanquished.

Vanquished Creatures (others)
  2 rats (D:1)
2 creatures vanquished.

Grand Total: 34 creatures vanquished

Notes
Turn   | Place    | Note
--------------------------------------------------------------
     0 | D:1      | Ratboiler, the Octopode Summoner, began the quest for the Orb.
     0 | D:1      | Reached XP level 1. HP: 11/11 MP: 3/3
   137 | D:1      | Reached XP level 2. HP: 17/17 MP: 0/4
   148 | D:1      | Learned a level 2 spell: Call Imp
   713 | D:1      | Found an ancient bone altar of Kikubaaqudgha.
   777 | D:2      | Reached XP level 3. HP: 16/21 MP: 1/6
   782 | D:2      | Learned a level 3 spell: Call Canine Familiar
  1288 | D:2      | Slain by a quokka

Action                   || total
-------------------------++-------
Melee: Unarmed           ||    51
 Cast: Summon Small Mamm ||    15
       Call Imp          ||     9
       Call Canine Famil ||     4
 Stab: Sleeping          ||     4
  Eat: Chunk             ||     2
